 Dungeon Crawl Stone Soup version 0.17-a0-1164-g0ba867e (webtiles) character file.

60 Hanyuu the Insei (level 4, 0/28 HPs)
             Began as an Octopode Transmuter on May 28, 2015.
             Slain by a jackal (1 damage)
             ... on level 2 of the Dungeon.
             The game lasted 00:02:13 (991 turns).

Hanyuu the Insei (Octopode Transmuter)               Turns: 991, Time: 00:02:14

Health: 0/28       AC:  1    Str:  9    XL:     4   Next: 6%
Magic:  5/7        EV: 12    Int: 16    God:
Gold:   78         SH:  0    Dex: 12    Spells: 2 memorised, 4 levels left

rFire  . . .     SeeInvis .       - Unarmed
rCold  . . .     Clarity  .     (no shield)
rNeg   . . .     SustAt   .     (helmet restricted)
rPois  .         Gourm    .     (no amulet)
rElec  .         Spirit   .     (no ring)
rCorr  .         Warding  .     (no ring)
rMut   .         Stasis   .     (no ring)
MR     .....                    (no ring)
Stlth  ++........               (no ring)
                                (no ring)
                                (no ring)
                                (no ring)

@: appendage (expiring), very slightly contaminated, not resistant to hostile
enchantments, unstealthy
A: almost no armour, amphibious, 8 rings, constrict 8, tentacle spike 3,
camouflage 1, gelatinous body 1
a: End Transformation


You were on level 2 of the Dungeon.
You were not hungry.
One of your tentacles had a temporary spike.
You visited 1 branch of the dungeon, and saw 2 of its levels.

You collected 78 gold pieces.

Inventory:

Missiles
 a - 30 arrows
Scrolls
 d - 3 scrolls of identify {unknown}
 e - a scroll of teleportation {unknown}
 f - a scroll of magic mapping {unknown}
 o - a scroll of enchant armour {unknown}
 p - a scroll of blinking {unknown}
Potions
 g - 3 potions of might {unknown}
 h - 2 potions of haste {unknown}
 i - a potion of flight {unknown}
 k - a potion of cure mutation {unknown}
 l - a potion of degeneration {unknown}
 n - a potion of curing {unknown}
Books
 b - a book of Changes

   Spells                             Type                      Level
   a - Beastly Appendage              Transmutation                1
   b - Sticks to Snakes               Transmutation                2
   c - Spider Form                    Transmutation/Poison         3
   d - Ice Form                       Ice/Transmutation            4
   e - Blade Hands                    Transmutation                5
Comestibles
 c - 5 bread rations
 j - 7 chunks of flesh
 m - a meat ration


   Skills:
 - Level 1.0 Fighting
 - Level 2.0 Dodging
 + Level 4.8 Unarmed Combat
 - Level 2.0 Spellcasting
 - Level 2.0 Transmutations


You had 4 spell levels left.
You knew the following spells:

 Your Spells              Type           Power        Failure   Level  Hunger
a - Beastly Appendage     Trmt           #.....       10%         1    #......
b - Sticks to Snakes      Trmt           #.........   14%         2    ###....


Dungeon Overview and Level Annotations

Branches:
Dungeon (2/15)

Altars:


Innate Abilities, Weirdness & Mutations

You cannot wear most types of armour.
You are amphibious.
You can wear up to eight rings at the same time.
You can use your tentacles to constrict eight enemies at once.
Your skin changes colour to match your surroundings (Stealth).
Your rubbery body absorbs attacks (AC +1).
One of your tentacles bears a large vicious spike.


Message History

You kill the jackal!
You have reached level 4!
The bat misses you. The bat hits you but does no damage.
You bludgeon the bat!
You kill the bat!
The jackal barely misses you.
You tentacle-slap the jackal.
You kill the jackal!
The jackal misses you.
You closely miss the jackal. Your grab misses the jackal.
You squeeze the jackal.
The jackal is lightly wounded.
The jackal closely misses you.
You completely miss the jackal. You grab the jackal.
You pierce the jackal, but do no damage.
The jackal is lightly wounded.
You constrict the jackal, but do no damage.
The jackal bites you.
You die...

##### #...#
###########...#########
.......h†..............
....%..h...............
.###...###....##.#...#
#########...........#
+.....@h†.......##..#
#########...###.# ..#
#...# #.##..# #...#
#.##..###
.....###..#.....
.................
.................
...######....## ..
#>...#


You could see a jackal.

Vanquished Creatures
  A hound (D:2)
  3 giant geckos (D:1)
  8 bats
  4 goblins
  2 hobgoblins
  2 jackals (D:2)
  A quokka (D:2)
  A giant newt (D:2)
  A kobold (D:1)
  A rat (D:1)
24 creatures vanquished.

Notes
Turn   | Place    | Note
--------------------------------------------------------------
     0 | D:1      | Hanyuu the Octopode Transmuter began the quest for the Orb.
     0 | D:1      | Reached XP level 1. HP: 13/13 MP: 3/3
   327 | D:1      | Reached XP level 2. HP: 16/18 MP: 5/5
   501 | D:1      | You fall through a shaft!
   916 | D:2      | Reached skill level 4 in Unarmed Combat
   960 | D:2      | Reached XP level 3. HP: 19/23 MP: 6/6
   964 | D:2      | Learned a level 2 spell: Sticks to Snakes
   983 | D:2      | HP: 1/23 [hound (1)]
   986 | D:2      | Reached XP level 4. HP: 1/28 MP: 4/7
   991 | D:2      | Slain by a jackal

Vault maps used:
D:1:      minmay_arrival_checkered_box
D:2:      first_bread, makhleb_heckhound_becter

Action                   |  1- 3 |  4- 6 || total
-------------------------+-------+-------++-------
Melee: Unarmed           |    58 |     4 ||    62
 Cast: Beastly Appendage |     1 |       ||     1
 Stab: Sleeping          |     5 |       ||     5
